AoeStats
← Mắt Mờ Tay Rung

Arabia

508188563Analyzed
1v1 RM · 10d ago on Sep 21, 2026· 24m 29s· 2 players
Game mode
Random Map
Map size
Tiny (2 player)
Population
200
Speed
Normal
Resources
Standard
Victory
Conquest
Starting age
Dark Age
Ending age
Imperial Age
RankedLock teamsTeams togetherTeam positionsShared explorationLock speedFull tech treeHidden civsTurbo modeCheats
Victory
Defeat
🇻🇳 Ethiopians · Vietnam
675
+15
🇹🇷 Mongols · Türkiye
645
-15
HEROKAEB
9:18 Feudal Age
11:21 Man-at-Arms
12:38 Double-Bit Axe
15:52 Horse Collar
18:46 Wheelbarrow
24:51 Castle Age
Mắt Mờ Tay Rung
10:14 Feudal Age
14:04 Double-Bit Axe
14:13 Gold Mining
21:37 Fletching
21:48 Padded Archer Armor
24:22 Castle Age
22:39 Man-at-Arms
23:07 Arson
23:51 Scale Mail Armor
Connection lost

Rejoining the realm…

Still unreachable

The connection could not be restored.

Session expired

The server has moved on; the page needs a fresh start.